 Dungeon Crawl Stone Soup version 0.20-a0-256-gabb291d (webtiles) character file.

79 KristoblXynda the Chopper (level 4, 0/38 HPs)
             Began as a Draconian Monk on Dec 1, 2016.
             Was a Believer of Okawaru.
             Succumbed to KristoblXynda's ghost's sting
             ... on level 3 of the Dungeon.
             The game lasted 00:02:31 (1988 turns).

KristoblXynda the Chopper (Draconian Monk)          Turns: 1988, Time: 00:02:32

Health: 0/38       AC:  5    Str: 15    XL:     4   Next: 16%
Magic:  4/4        EV: 13    Int: 15    God:    Okawaru [**....]
Gold:   153        SH:  0    Dex: 13    Spells: 3/3 levels left

rFire  . . .     SeeInvis .     a - +0 hand axe
rCold  . . .     Gourm    .     (armour unavailable)
rNeg   . . .     Faith    .     (no shield)
rPois  .         Spirit   .     (helmet restricted)
rElec  .         Reflect  .     (no cloak)
rCorr  .         Harm     .     (no gloves)
MR     .....                    (no boots)
Stlth  +.........               (no amulet)
                                (no ring)
                                (no ring)

@: confused, brilliant, lethally poisoned (0 -> -4)
A: unfitting armour, stinger 1, cold-blooded, MP-powered wands, AC +5
a: Heroism, Renounce Religion


You were on level 3 of the Dungeon.
You worshipped Okawaru.
Okawaru was pleased with you.
You were not hungry.

You visited 1 branch of the dungeon, and saw 3 of its levels.

You collected 153 gold pieces.

Inventory:

Hand Weapons
 a - a +0 hand axe (weapon)
Scrolls
 f - a scroll of enchant weapon {unknown}
 g - a scroll of noise {unknown}
 i - 2 scrolls of magic mapping {unknown}
 k - a scroll of amnesia {unknown}
 l - 2 scrolls of identify {unknown}
 m - a scroll of fog {unknown}
Comestibles
 b - a bread ration
 d - 2 meat rations
 h - a royal jelly


   Skills:
 - Level 3.2 Fighting
 * Level 4.3 Axes
 + Level 3.5 Dodging
 - Level 1.7 Stealth


You had 3 spell levels left.
You didn't know any spells.

Dungeon Overview and Level Annotations

Branches:
Dungeon (3/15)

Altars:
Elyvilon
Gozag
Okawaru
Sif Muna
Trog
Yredelemnul

Annotations:
D:3 KristoblXynda's ghost, amateur DrVM


Innate Abilities, Weirdness & Mutations

Your plain brown scales are hard. (AC +5)
You cannot fit into any form of body armour.
You are cold-blooded and may be slowed by cold attacks.
Your tail ends in a poisonous barb.
You expend magic power (3 MP) to strengthen your wands.


Message History

You are more confused.
* * * LOW HITPOINT WARNING * * *
You feel sick. KristoblXynda's ghost hits you.
* * * LOW HITPOINT WARNING * * *
You miss KristoblXynda's ghost.
KristoblXynda's ghost is heavily damaged.
You are engulfed in noxious fumes.
You choke on the stench!
You are more confused.
KristoblXynda's ghost hits you.
* * * LOW HITPOINT WARNING * * *
Unknown command.
You're too confused to move!
* * * LOW HITPOINT WARNING * * *
You feel sick. KristoblXynda's ghost hits you.
* * * LOW HITPOINT WARNING * * *
You aren't carrying any potions.
Unknown command.
You hit KristoblXynda's ghost but do no damage.
KristoblXynda's ghost is heavily damaged.
You die...

##
#..##...#....(...
.###.##
##...#######
..##.####..#..#
#.##.......##.#
#.....#######.#
### ...#.## #.#
...# ..>#.#
#.#### ....#
...#.#
#....##.=%..#
#.....#
####@W.......
#)##...
#....##....
.##.## #....## .
.# # #....#
#...## #####


You could see KristoblXynda's ghost.

Vanquished Creatures
  3 adders
  A worm (D:2)
  A dart slug (D:2)
  3 leopard geckos
  4 bats
  3 giant cockroaches
  7 goblins
  7 hobgoblins
  4 jackals (D:1)
  4 kobolds
  A frilled lizard (D:1)
  2 rats (D:1)
40 creatures vanquished.

Notes
Turn   | Place    | Note
-------+----------+-------------------------------------------
     0 | D:1      | KristoblXynda the Draconian Monk began the quest for the Orb.
     0 | D:1      | Reached XP level 1. HP: 19/19 MP: 1/1
   142 | D:1      | Reached XP level 2. HP: 15/26 MP: 2/2
  1027 | D:2      | Found a basalt altar of Yredelemnul.
  1028 | D:2      | Found an opulent altar of Gozag.
  1029 | D:2      | Found an iron altar of Okawaru.
  1030 | D:2      | Found a white marble altar of Elyvilon.
  1031 | D:2      | Found a bloodstained altar of Trog.
  1035 | D:2      | Became a worshipper of Warmaster Okawaru
  1035 | D:2      | Reached * piety under Okawaru
  1035 | D:2      | Reached ** piety under Okawaru
  1097 | D:2      | Reached XP level 3. HP: 3/31 MP: 3/3
  1530 | D:2      | Reached skill level 4 in Axes
  1781 | D:3      | Reached XP level 4. HP: 30/38 MP: 4/4
  1876 | D:3      | Found a deep blue altar of Sif Muna.
  1968 | D:3      | Noticed KristoblXynda's ghost (amateur DrVM)
  1972 | D:3      | Gained mutation: You expend magic power (3 MP) to strengthen your wands. [potion of mutation]
  1972 | D:3      | Gained mutation: Your tail ends in a poisonous barb. [potion of mutation]
  1986 | D:3      | HP: 1/38 [KristoblXynda's ghost (2)]
  1988 | D:3      | Succumbed to KristoblXynda's ghost's sting

Vault maps used:
D:1:      dpeg_arrival_houses_and_road
D:2:      minitemple, roderic_serpentine_path
D:3:      lemuel_doored_altar, uniq_sigmund

Skill      XL: |  1  2  3 |
---------------+----------+-----
Dodging        | 3 |  3.5
Axes           | 4 |  4.3
Fighting       | |  3.2
Stealth        | |  1.7

Action                   |  1- 3 |  4- 6 || total
-------------------------+-------+-------++-------
Melee: Hand axe          |   103 |    18 ||   121
       Tailslap          |    13 |     3 ||    16
  Use: Potion            |     1 |     3 ||     4
 Stab: Sleeping          |     3 |       ||     3
  Eat: Chunk             |     2 |       ||     2
       Pizza             |     1 |       ||     1
Armor: Skin              |    31 |     4 ||    35
Dodge: Dodged            |    76 |    14 ||    90
